 Dungeon Crawl Stone Soup version 0.21-a0-229-g3587535 (console) character file.

324 Duffy the Chopper (level 6, -3/53 HPs)
             Began as a Hill Orc Fighter on Sept 1, 2017.
             Was an Initiate of Beogh.
             Slain by Edmund
             ... wielding a +2 dire flail of draining
              (5 damage)
             ... on level 4 of the Dungeon.
             The game lasted 00:03:13 (2718 turns).

Duffy the Chopper (Hill Orc Fighter)                Turns: 2718, Time: 00:03:14

Health: -3/53      AC: 10    Str: 19 (21) XL:     6   Next: 48%
Magic:  6/6        EV:  2    Int:  5 (8)  God:    Beogh [......]
Gold:   122        SH:  7    Dex:  8 (10) Spells: 5/5 levels left

rFire    . . .     SeeInvis .   a - +0 war axe
rCold    . . .     Gourm    .   c - +0 shield
rNeg     . . .     Faith    .   o - +0 plate armour
rPois    .         Spirit   .   (no helmet)
rElec    .         Reflect  .   (no cloak)
rCorr    .         Harm     .   (no gloves)
MR       .....                  (no boots)
Stlth    ..........             (no amulet)
HPRegen  0.17/turn              (no ring)
MPRegen  0.10/turn              (no ring)

@: very heavily drained
A: no striking features
a: Renounce Religion


You were on level 4 of the Dungeon.
You worshipped Beogh.
Beogh was noncommittal.
You were not hungry.

You visited 1 branch of the dungeon, and saw 4 of its levels.

You collected 122 gold pieces.

Inventory:

Hand Weapons
 a - a +0 war axe (weapon)
Armour
 c - a +0 shield (worn)
 o - a +0 plate armour (worn)
Wands
 q - a wand of confusion (27/48)
Scrolls
 j - a scroll of identify {unknown}
 p - a scroll of random uselessness {unknown}
 r - a scroll of teleportation {unknown}
 s - 2 scrolls of remove curse
 t - a scroll of fear {unknown}
Potions
 d - a potion of might
 i - a potion of curing
Comestibles
 b - a meat ration
 f - 2 bread rations
 g - a royal jelly
 m - 2 fruits


   Skills:
 + Level 4.7(0.0) Fighting
 * Level 6.0(0.7) Axes
 + Level 4.3(0.0) Armour
 + Level 4.6(0.0) Shields


You had 5 spell levels left.
You didn't know any spells.

Dungeon Overview and Level Annotations

Branches:
Dungeon (4/15)
 Temple: D:4-7

Altars:
Makhleb
Okawaru
Xom
Zin

Shops:
D:4 (

Annotations:
D:3 Dig
D:4 Edmund


Message History

You closely miss Edmund.
Edmund is moderately wounded.
Edmund hits you with a dire flail of draining.
You feel drained.
You slash Edmund!
Edmund is heavily wounded.
Edmund hits you but does no damage.
You feel drained.
You hit Edmund but do no damage.
Edmund is heavily wounded.
You block Edmund's attack.
Edmund hits you with a dire flail of draining!
You feel drained.
You hit Edmund.
Edmund is heavily wounded.
Edmund hits you with a dire flail of draining.
You feel drained.
You hit Edmund.
Edmund is severely wounded.
Edmund hits you with a dire flail of draining.
You die...

#) #.# #. #.#
#.######.#
........##
.........#
########.#
#.# #@# #@#
#.# #.# ##.##
#.#####...###
#..........#
#.#####...#.#
###.##.#
#####......##


You could see Edmund.

Vanquished Creatures
  Sigmund (D:3)
  A quasit (D:3)
  An orc wizard (D:4)
  Jessica (D:2)
  An adder (D:3)
  An ooze (D:2)
  An adder skeleton (D:4)
  A worm (D:3)
  3 dart slugs (D:1)
  6 orcs
  A giant cockroach (D:3)
  2 goblins
  5 hobgoblins
  4 jackals (D:1)
  3 quokkas
  A ball python (D:1)
  9 bats
  6 frilled lizards
  7 kobolds
  A quokka skeleton (D:4)
  10 rats
66 creatures vanquished.

Vanquished Creatures (others)
  An orc wizard (D:4)
1 creature vanquished.

Grand Total: 67 creatures vanquished

Notes
Turn   | Place    | Note
-------+----------+-------------------------------------------
     0 | D:1      | Duffy the Hill Orc Fighter began the quest for the Orb.
     0 | D:1      | Reached XP level 1. HP: 19/19 MP: 1/1
    79 | D:1      | Found an iron altar of Okawaru.
   129 | D:1      | Reached skill level 3 in Axes
   139 | D:1      | Reached XP level 2. HP: 26/27 MP: 2/2
   385 | D:1      | Reached XP level 3. HP: 31/33 MP: 3/3
   685 | D:2      | Reached skill level 4 in Axes
   992 | D:2      | Found a burning altar of Makhleb.
   995 | D:2      | Found a shimmering altar of Xom.
  1261 | D:3      | Noticed Jessica
  1284 | D:3      | Reached XP level 4. HP: 26/40 MP: 4/4
  1291 | D:2      | Killed Jessica
  1561 | D:3      | Found a glowing silver altar of Zin.
  1572 | D:3      | Noticed Sigmund
  1596 | D:3      | Killed Sigmund
  1596 | D:3      | Reached skill level 5 in Axes
  1596 | D:3      | Reached XP level 5. HP: 14/47 MP: 5/5
  1596 | D:3      | Reached XP level 6. HP: 16/53 MP: 6/6
  1914 | D:3      | Found a faded altar of an unknown god.
  2443 | D:4      | Found Tarad's Antique Weapon Shop.
  2482 | D:4      | Became a worshipper of Beogh the Brigand
  2579 | D:4      | Reached skill level 6 in Axes
  2673 | D:4      | Noticed Edmund
  2716 | D:4      | HP: 2/53 [Edmund/dire flail of draining (1)]
  2718 | D:4      | Slain by Edmund

Vault maps used:
D:1:      minmay_arrival_stair_chambers, okawaru_ov_weapons_minmay
D:2:      chequers_temple_overflow_statue_of_worship, minmay_pentomino_p2
D:3:      zin_scriptorium, chequers_ecumenical_altar_island, uniq_jessica,
          uniq_sigmund
D:4:      old_standard_altar, overflow_temple_1_default, serial_shops, shop,
          first_bread, makhleb_blood_cavern_becter, uniq_edmund

Skill      XL: |  1  2  3  4  5  6 |
---------------+-------------------+-----
Axes           | 3 4 5 6 |  6.0
Fighting       | 4 |  4.7
Shields        | 4 |  4.6
Armour         | 4 |  4.3

Action                   |  1- 3 |  4- 6 || total
-------------------------+-------+-------++-------
Melee: War axe           |   108 |   137 ||   245
Invok: Convert to Beogh  |       |     1 ||     1
  Use: Potion            |       |     5 ||     5
       Scroll            |       |     2 ||     2
  Eat: Chunk             |     1 |     5 ||     6
Armor: Scale mail        |    51 |       ||    51
       Plate armour      |    58 |    72 ||   130
       Skin              |       |     1 ||     1
Dodge: Dodged            |    54 |    24 ||    78
Block: Shield            |    80 |    81 ||   161

Table legend:
 A = Spawn XP
 B = Non-spawn XP
 C = Spawn XP percentage of total XP
 D = Spawn monster count
 E = Non-spawn monster count
 F = Spawn count percentage of total count
 G = Total turns spent on level
                    A         B        C        D         E        F      G
               +---------+---------+-------+---------+---------+-------+---------
         Total |      10 |     453 |   2.2 |       8 |      58 |  12.1 |  2718
               +---------+---------+-------+---------+---------+-------+---------
           D:1 |       7 |      33 |  17.5 |       5 |      18 |  21.7 |   555
           D:2 |       1 |      62 |   1.6 |       1 |      14 |   6.7 |   957
           D:3 |       2 |     295 |   0.7 |       2 |      18 |  10.0 |   967
           D:4 |       0 |      63 |   0.0 |       0 |       8 |   0.0 |   239
               +---------+---------+-------+---------+---------+-------+---------
